 Dungeon Crawl Stone Soup version 0.20.1-1-g8b1a95d (webtiles) character file.

877 ChromeMolly the Sneak (level 8, 0/54 HPs)
             Began as an Octopode Berserker on Oct 23, 2017.
             Was a Priest of Trog.
             Slain by a killer bee (2 damage)
             ... on level 7 of the Dungeon.
             The game lasted 00:23:54 (5787 turns).

ChromeMolly the Sneak (Octopode Berserker)          Turns: 5787, Time: 00:23:55

Health: 0/54       AC:  4    Str: 16    XL:     8   Next: 4%
Magic:  8/8        EV: 15    Int:  9    God:    Trog [***...]
Gold:   396        SH:  0    Dex: 17    Spells: 7/7 levels left

rFire    . . .     SeeInvis .   p - +1 hand axe (freeze)
rCold    . . .     Gourm    .   (no shield)
rNeg     . . .     Faith    .   (helmet restricted)
rPois    .         Spirit   .   (no amulet)
rElec    .         Reflect  .   j - +3 ring of protection
rCorr    .         Harm     .   i - +3 ring of dexterity
MR       +....                  x - ring of protection from magic
Stlth    ++++......             (no ring)
Regen    0.2/turn               (no ring)
MPRegen  0.2/turn               (no ring)
                                (no ring)
                                (no ring)

@: lethally poisoned (0 -> -8)
A: almost no armour, stealthy swim, amphibious, 8 rings, constrict 8, camouflage
1, gelatinous body 1
a: Berserk, Trog's Hand, Burn Spellbooks, Renounce Religion


You were on level 7 of the Dungeon.
You worshipped Trog.
Trog was most pleased with you.
You were full.

You visited 1 branch of the dungeon, and saw 7 of its levels.

You collected 396 gold pieces.

Inventory:

Hand Weapons
 o - a +3 short sword of speed
 p - a +1 hand axe of freezing (weapon)
 s - a +0 war axe
 y - a +2 dagger of venom
Missiles
 e - 116 stones (quivered)
Jewellery
 i - a +3 ring of dexterity (right tentacle)
 j - a +3 ring of protection (left tentacle)
 q - an uncursed amulet of the gourmand
 x - a ring of protection from magic (on tentacle)
Scrolls
 c - 2 scrolls of remove curse
 h - a scroll of blinking
Potions
 d - 3 potions of heal wounds
 f - a potion of resistance {unknown}
 g - a potion of agility
 k - a potion of cancellation
 m - 3 potions of curing
 n - 2 potions of lignification
 r - a potion of haste {unknown}
 u - 2 potions of brilliance
 w - a potion of magic {unknown}
Books
 v - the Grimoire of the Escort and the Birds
   (You found it on level 5 of the Dungeon)

   Spells                             Type                      Level
   a - Summon Butterflies             Summoning                    1
   b - Poisonous Vapours              Poison/Air                   2
   c - Recall                         Summoning/Translocation      3
   d - Summon Demon                   Summoning                    5
   e - Deflect Missiles               Charms/Air                   6
   Trog disapproves of the use of such an item.
Comestibles
 a - a meat ration
 b - a bread ration


   Skills:
 + Level 4.4 Fighting
 + Level 5.3 Short Blades
 + Level 1.3 Axes
 * Level 3.3 Throwing
 + Level 4.2 Dodging
 * Level 6.4 Stealth


You had 7 spell levels left.
You didn't know any spells.

Dungeon Overview and Level Annotations

Branches:
Dungeon (7/15)             Temple (0/1) D:4

Altars:
Ashenzari
Cheibriados
Fedhas
Kikubaaqudgha
Qazlal
Yredelemnul

Shops:
D:4 (


Innate Abilities, Weirdness & Mutations

You cannot wear most types of armour.
You are very stealthy in the water. (Stealth+)
You are amphibious.
You can wear up to eight rings at the same time.
You can use your tentacles to constrict eight enemies at once.
Your skin changes colour to match your surroundings (Stealth+).
Your rubbery body absorbs attacks. (AC +1, EV +1)


Message History

You constrict the killer bee. x2; The killer bee closely misses you.
The killer bee stings you. x2; The killer bee closely misses you.
The killer bee stings you! x2
You hit the killer bee but do no damage.
Your grab misses the killer bee. You hit the killer bee.
You freeze the killer bee. You hit the killer bee. You freeze the killer bee.
You constrict the killer bee. x2
The killer bee stings you but does no damage.
The killer bee closely misses you. The killer bee stings you.
You are poisoned.
The killer bee poisons you! The killer bee stings you!
* * * LOW HITPOINT WARNING * * *
The killer bee closely misses you. The killer bee stings you.
* * * LOW HITPOINT WARNING * * *
The killer bee stings you!
* * * LOW HITPOINT WARNING * * *
You are more poisoned.
The killer bee poisons you! The killer bee completely misses you.
The killer bee stings you.
You die...

#..# #.#.
...######.###
.#......... ###
........### ..#
.######.# # #.#
#.# ..#.### #.#
#.# ......y##.#
##.##
#..yy@..######
#...#
#.##y#5......#
#...#
#.......####.#
#...#
#..!.......#.#
#...##
#.####..#..#.#
#..... ...
##..#..#.####...##
...
..................
..
##..#.#...........
#..#.............


You could see 4 killer bees and a quasit.

Vanquished Creatures
  An orc warrior (D:6)
  A centaur (D:5)
  A bullfrog (D:6)
  A killer bee (D:7)
  A crimson imp (D:6)
  A howler monkey (D:6)
  A bullfrog zombie (D:7)
  2 hounds (D:5)
  3 orc wizards
  2 orc priests
  A worker ant (D:5)
  6 gnolls (D:2)
  7 adders
  A shadow imp (D:6)
  An ooze (D:2)
  2 worms
  4 dart slugs
  4 leopard geckos
  18 orcs
  2 ball pythons
  7 giant cockroaches
  5 goblins
  10 hobgoblins
  6 jackals
  7 kobolds
  3 quokkas
  9 bats
  2 frilled lizards
  A leopard gecko zombie (D:6)
  A quokka skeleton (D:5)
  7 rats
118 creatures vanquished.

Notes
Turn   | Place    | Note
-------+----------+-------------------------------------------
     0 | D:1      | ChromeMolly the Octopode Berserker began the quest for the Orb.
     0 | D:1      | Reached XP level 1. HP: 16/16 MP: 1/1
   152 | D:1      | Reached XP level 2. HP: 20/21 MP: 2/2
   156 | D:1      | Reached skill level 1 in Stealth
   245 | D:1      | You fall through a shaft!
   292 | D:2      | Reached XP level 3. HP: 24/26 MP: 3/3
   450 | D:2      | Reached XP level 4. HP: 31/31 MP: 4/4
   478 | D:2      | Reached skill level 2 in Stealth
   530 | D:2      | Reached skill level 1 in Throwing
   865 | D:1      | Reached ** piety under Trog
  1653 | D:2      | Reached XP level 5. HP: 26/36 MP: 5/5
  1774 | D:2      | Reached skill level 3 in Stealth
  1953 | D:2      | Found a shattered altar of Ashenzari.
  2883 | D:3      | Reached *** piety under Trog
  3047 | D:4      | Reached skill level 4 in Stealth
  3048 | D:4      | Reached XP level 6. HP: 42/42 MP: 6/6
  3109 | D:4      | Found a blossoming altar of Fedhas.
  3111 | D:4      | Found an ancient bone altar of Kikubaaqudgha.
  3154 | D:4      | Found a basalt altar of Yredelemnul.
  3160 | D:4      | Found Fenkuhyme's Antique Weapon Shoppe.
  3299 | D:4      | Found a staircase to the Ecumenical Temple.
  3702 | D:5      | Entered Level 5 of the Dungeon
  4235 | D:5      | Identified the Grimoire of the Escort and the Birds
  4238 | D:5      | Found a blossoming altar of Fedhas.
  4364 | D:5      | Reached skill level 5 in Stealth
  4657 | D:5      | Reached XP level 7. HP: 47/47 MP: 7/7
  4882 | D:6      | Found a snail-covered altar of Cheibriados.
  4885 | D:6      | Reached skill level 5 in Short Blades
  4885 | D:6      | Reached skill level 1 in Axes
  5214 | D:6      | Reached skill level 6 in Stealth
  5399 | D:6      | Found a stormy altar of Qazlal.
  5784 | D:7      | Reached XP level 8. HP: 49/54 MP: 8/8
  5787 | D:7      | HP: 2/54 [killer bee (7)]
  5787 | D:7      | Slain by a killer bee

Skill      XL: |  1  2  3  4  5  6  7 |
---------------+----------------------+-----
Stealth        | 1 2 4 5 6 |  6.4
Throwing       | 1 2 3 |  3.3
Short Blades   | 4 5 |  5.3
Fighting       | 4 |  4.4
Dodging        | 4 |  4.2
Axes           | 1 |  1.3

Action                   |  1- 3 |  4- 6 |  7- 9 || total
-------------------------+-------+-------+-------++-------
Melee: Short sword       |    40 |    73 |    30 ||   143
       Tentacles         |    10 |    46 |    12 ||    68
       Constrict         |     8 |    46 |    15 ||    69
       Dagger            |       |   100 |    11 ||   111
       Hand axe          |       |     8 |     2 ||    10
Throw: Throwing net      |     1 |       |       ||     1
       Stone             |       |    61 |     7 ||    68
Invok: Berserk           |     1 |     1 |     1 ||     3
  Use: Scroll            |       |    14 |     2 ||    16
       Potion            |       |     2 |       ||     2
 Stab: Sleeping          |     2 |    16 |     3 ||    21
       Distracted        |       |       |     1 ||     1
  Eat: Meat ration       |       |     1 |       ||     1
       Bread ration      |       |     1 |     1 ||     2
       Royal jelly       |       |     1 |     1 ||     2
       Fruit             |       |     6 |       ||     6
Armor: Skin              |     4 |    16 |     4 ||    24
Dodge: Dodged            |    22 |    93 |    25 ||   140
